 Dungeon Crawl Stone Soup version 0.30.1-11-g7821555f0a (webtiles) character file.

Game seed: 10772267005092871831

135583 Nonny the Brawler (level 16, -4/146 HPs)
             Began as a Troll Earth Elementalist on Nov 13, 2023.
             Was the Champion of Sif Muna.
             Killed from afar by a salamander tyrant (28 damage)
             ... on level 4 of the Snake Pit.
             The game lasted 02:29:44 (22560 turns).

Nonny the Brawler (Troll Earth Elementalist)       Turns: 22560, Time: 02:30:02

Health: -4/146     AC: 19    Str: 26    XL:     16   Next: 64%
Magic:  21/21      EV: 12    Int: 20    God:    Sif Muna [******]
Gold:   245        SH: 28    Dex: 12    Spells: 20/23 levels left

rFire   + .          .
                       - Unarmed
rCold   + . .        o - +4 tower shield {rN+}
rNeg    + . .        C - +6 acid dragon scales "Anomub" {rC+ rCorr}
rPois   +            O - +0 hat {Stlth+}
rElec   .            K - +3 cloak "Kidafywo" {Harm rF+}
rCorr   +            (gloves unavailable)
SInv    .            (boots unavailable)
Will    ++...        r - amulet of reflection
Stlth   ++           v - ring "Fuonlio" {Will+ Str+6 Int+3 Dex+2 Stlth-}
HPRegen 1.24/turn    E - ring of poison resistance
MPRegen 0.17/turn

%: harm (+30% outgoing, +20% incoming), reflection
@: weakened
A: large, unfitting armour, claws 3, regeneration 1, shaggy fur 1, tough skin 1
a: Renounce Religion, Channel Magic, Forget Spell, Divine Exegesis


You were on level 4 of the Snake Pit.
You worshipped Sif Muna.
Sif Muna was exalted by your worship.
You visited 5 branches of the dungeon, and saw 23 of its levels.
You also visited: Ossuary and Bailey.

You collected 4056 gold pieces.
You spent 3811 gold pieces at shops.

Inventory:

Missiles
 e - 40 poisoned darts
 m - 9 curare-tipped darts
 A - 5 throwing nets
 Q - 6 atropa-tipped darts
 W - 4 javelins
 X - 2 datura-tipped darts
 Y - 5 silver boomerangs
 Z - 25 large rocks
Armour
 o - a +4 tower shield of positive energy (worn)
 C - the +6 acid dragon scales "Anomub" (worn) {rC+ rCorr}
   (You acquired it on level 7 of the Dungeon)

   rC:        It protects you from cold.
   rCorr:     It protects you from acid and corrosion.
 K - the +3 cloak "Kidafywo" (worn) {Harm rF+}
   (You bought it in a shop on level 2 of the Orcish Mines)

   rF:        It protects you from fire.
   Harm:      It increases damage dealt and taken.
 O - a +0 hat of stealth (worn)
Magical Staves
 P - a staff of earth
Jewellery
 i - a ring of willpower
 k - a ring of resist corrosion
 n - a ring of positive energy
 r - an amulet of reflection (around neck)
 u - a ring of flight
 v - the ring "Fuonlio" (left claw) {Will+ Str+6 Int+3 Dex+2 Stlth-}
   (You acquired it on level 8 of the Dungeon)

   [ring of strength]

   Str:       It affects your strength (+6).
   Int:       It affects your intelligence (+3).
   Dex:       It affects your dexterity (+2).
   Will:      It increases your willpower.
   Stlth:     It makes you less stealthy.
 w - a ring of see invisible
 E - a ring of poison resistance (right claw)
 H - a ring of ice
Wands
 s - a wand of flame (8)
 t - a wand of acid (3)
 x - a wand of polymorph (1)
 M - a wand of iceblast (16)
 N - a wand of mindburst (9)
 R - a wand of charming (5)
Scrolls
 c - 7 scrolls of immolation
 j - 3 scrolls of poison
 l - 8 scrolls of noise
 p - 12 scrolls of teleportation
 q - 4 scrolls of fear
 y - 3 scrolls of magic mapping
 J - 6 scrolls of fog
 L - a scroll of silence
 U - 2 scrolls of blinking
 V - a scroll of butterflies
Potions
 a - 5 potions of mutation
 b - 2 potions of magic
 d - 4 potions of flight
 f - 7 potions of brilliance
 g - 8 potions of haste
 h - 19 potions of curing
 z - 2 potions of heal wounds
 B - 2 potions of attraction
 D - a potion of ambrosia
 G - 2 potions of cancellation
 S - 3 potions of resistance
 T - 6 potions of might
Miscellaneous
 F - a condenser vane (inert)


   Skills:
 + Level 6.4 Fighting
 - Level 3.4 Armour
 - Level 11.5 Dodging
 - Level 3.0 Stealth
 + Level 17.7 Shields
 - Level 20.0 Unarmed Combat
 * Level 4.1 Spellcasting
 - Level 0.6 Transmutations
 - Level 2.6 Earth Magic
 - Level 3.0 Evocations


You had 20 spell levels left.
You knew the following spells:

 Your Spells              Type           Power      Damage    Failure   Level
a - Sandblast             Erth           28%        2d8       10%         1
b - Passwall              Tmut/Erth      8%         N/A       22%         2

Your spell library contained the following spells:

 Spells                   Type           Power      Damage    Failure   Level
 Beastly Appendage        Tmut           12%        N/A       22%         1
 Foxfire                  Conj/Fire      16%        2x1d4     28%         1
 Freeze                   Ice            16%        1d4       28%         1
 Kiss of Death            Conj/Necr      16%        2d6       28%         1
 Necrotise                Necr           16%        1d4       28%         1
 Shock                    Conj/Air       16%        1d4       28%         1
 Summon Small Mammal      Summ           16%        N/A       28%         1
 Wereblood                Tmut           6%         N/A       34%         2
 Blink                    Tloc           8%         N/A       41%         2
 Cigotuvi's Dreadful Rot  Necr/Pois/Air  8%         N/A       41%         2
 Lesser Beckoning         Tloc           8%         N/A       41%         2
 Momentum Strike          Conj/Tloc      8%         3d8       41%         2
 Searing Ray              Conj           8%         2d4       41%         2
 Static Discharge         Conj/Air       8%         2-3/arc   41%         2
 Sublimation of Blood     Necr           4%         N/A       41%         2
 Stone Arrow              Conj/Erth      18%        3d8       45%         3
 Spider Form              Tmut/Pois      5%         N/A       58%         3
 Call Canine Familiar     Summ           4%         N/A       65%         3
 Frozen Ramparts          Ice            8%         1d2       65%         3
 Gell's Gravitas          Tloc           4%         N/A       65%         3
 Hailstorm                Conj/Ice       4%         3d4       65%         3
 Mephitic Cloud           Conj/Pois/Air  4%         N/A       65%         3
 Portal Projectile        Hex/Tloc       8%         N/A       65%         3
 Summon Guardian Golem    Hex/Summ       4%         N/A       65%         3
 Swiftness                Air            4%         N/A       65%         3
 Teleport Other           Tloc           4%         N/A       65%         3
 Tukima's Dance           Hex            4%         N/A       65%         3
 Vampiric Draining        Necr           4%         2d6       65%         3
 Vhi's Electric Charge    Tloc/Air       8%         N/A       65%         3
 Volatile Blastmotes      Fire/Tloc      8%         2d10      65%         3
 Petrify                  Tmut/Erth      10%        N/A       82%         4
 Flame Wave               Conj/Fire      4%         2d5       96%         4
 Iskenderun's Mystic Bla  Conj/Tloc      4%         2d3       96%         4
 Manifold Assault         Tloc           4%         N/A       96%         4
 Passage of Golubria      Tloc           4%         N/A       96%         4
 Sticky Flame             Conj/Fire      4%         2d3       96%         4
 Summon Lightning Spire   Summ/Air       4%         N/A       96%         4
 Blade Hands              Tmut           3%         N/A       99%         5
 Borgnjor's Vile Clutch   Necr/Erth      4%         N/A       99%         5
 Agony                    Necr           4%         N/A       100%        5
 Fireball                 Conj/Fire      2%         3d4       100%        5
 Freezing Cloud           Conj/Ice/Air   2%         6-21      100%        5
 Irradiate                Conj/Tmut      2%         3d12      100%        5
 Iskenderun's Battlesphe  Conj           4%         2d6       100%        5
 Metabolic Englaciation   Hex/Ice        2%         N/A       100%        5
 Summon Forest            Summ/Tloc      2%         N/A       100%        5
 Summon Mana Viper        Hex/Summ       4%         N/A       100%        5
 Plasma Beam              Fire/Air       2%         2x1d13    100%        6
 Simulacrum               Ice/Necr       2%         N/A       100%        6
 Starburst                Conj/Fire      2%         6d3       100%        6
 Statue Form              Tmut/Erth      6%         N/A       100%        6
 Dragon Form              Tmut           3%         N/A       100%        7
 Malign Gateway           Summ/Tloc      2%         N/A       100%        7
 Orb of Destruction       Conj           2%         9d5       100%        7
 Spellforged Servitor     Conj/Summ      2%         N/A       100%        7
 Storm Form               Tmut/Air       2%         N/A       100%        7
 Summon Hydra             Summ           2%         N/A       100%        7
 Disjunction              Tloc           2%         N/A       100%        8
 Lehudib's Crystal Spear  Conj/Erth      4%         10d3      100%        8
 Summon Horrible Things   Summ           2%         N/A       100%        8
 Fire Storm               Conj/Fire      2%         8d1       100%        9


Dungeon Overview and Level Annotations

Branches:
Dungeon (11/15)            Temple (1/1) D:6            Lair (5/5) D:8
  Swamp (0/4) Lair:3        Snake (4/4) Lair:3        Slime (0/5) Lair:5
    Orc (2/2) D:10            Elf (0/3) Orc:2       Ossuary (visited)
 Bailey (visited)

Altars:
Ashenzari
Cheibriados
Dithmenos
Elyvilon
Fedhas
Gozag
Hepliaklqana
Kikubaaqudgha
Makhleb
Nemelex Xobeh
Okawaru
Qazlal
Ru
Sif Muna
Trog
Uskayaw
Vehumet
Wu Jian
Xom
Yredelemnul
Zin
The Shining One
Jiyva

Shops:
D:3 :[!*(   D:7 *   D:9 *   Orc:1 *   Orc:2 (?=[:[??[   Snake:1 !   Snake:3 *

Annotations:
Lair:2 3 runed translucent doors, middlethird's ghost, journeyman VSEE; middlethird's ghost, journeyman VSNe


Innate Abilities, Weirdness & Mutations

You are too large for most types of armour.
You have claws for hands.
Your natural rate of healing is unusually fast.
You are covered in fur. (AC +1)
You have tough skin. (AC +1)


Message History

You feel your attacks grow feeble.
You block the salamander tyrant's attack.
Unknown command.
You scratch the naga warrior but do no damage.
The naga warrior is heavily wounded.
You feel sick.
You are no longer poisoned.
You block the salamander's attack. You block the naga warrior's attack.
The naga warrior constricts you.
The salamander tyrant gazes fiercely through you!
You feel as though you will be weak longer.
The salamander tyrant hits you!
* * * LOW HITPOINT WARNING * * *
You are engulfed in flames!
You resist.
* * * LOW HITPOINT WARNING * * *
Unknown command.
You barely miss the naga warrior.
The naga warrior is heavily wounded.
The naga warrior spits poison at you.
You block splash of poison... and reflect it back!
The splash of poison misses the naga warrior.
The splash of poison hits the salamander mystic.
The salamander mystic is poisoned.
The naga warrior constricts you.
* * * LOW HITPOINT WARNING * * *
You block the salamander's attack.
Unknown command.
You feel much better. The naga warrior closely misses you.
The naga warrior constricts you.
The salamander tyrant barely misses you.
You block the salamander's attack.
The naga warrior hits you with a +0 trident!
* * * LOW HITPOINT WARNING * * *
The naga warrior constricts you.
Blink to where?
Press: ? - help, Dir - move target You escape the naga warrior's grasp.
As you read the scroll of blinking, it crumbles to dust.
The salamander tyrant rends the earth beneath you!
The blast of magma engulfs you!! You partially resist.
You die...

#.)......###### ....N.
.#.......##.# ......
.#######.#.## ########...##.
.########))## ##..#NN.......?
#.....# ##).#######...§NN.)......
#.....# #.......##...##.........
#....## #.......##)..###........
.....# #.....≈.#)##.####.......
.....# ###.....≈@..#....###......
....####..#....≈.#.......###.....
......#####......##.......# #....
.....#### #......##.......# ####
...#.##.###......##.......#
#.##.#...##......###......#
####.#....##.....# #......# #
#......##.....# #......#
####......#.###.####.....##


You could see a naga warrior (fast) and a salamander tyrant (strong).

Vanquished Creatures
  Vashnia (Snake:2)
  Gastronok (D:8)
  Agnes (Snake:3)
  6 nagarajas
  Aizul (Snake:2)
  An orc warlord (Orc:1)
  The ghost of Nexanis the Carver, a journeyman MiFi of Okawaru (D:10)
  A fire dragon (D:11)
  3 salamander tyrants
  An ice dragon (Lair:5)
  Harold (Lair:1)
  3 hydras
  A ghost crab (Lair:3)
  6 anacondas
  A death knight (D:11)
  A catoblepas (Lair:3)
  6 boulder beetles
  6 two-headed ogres
  7 naga warriors
  7 death yaks
  3 orc high priests
  12 naga sharpshooters
  A shock serpent (Snake:2)
  The ghost of ChrisAssaf the Nimble, a novice GnMo (D:10)
  4 salamander mystics
  A skyshark (Lair:5)
  6 naga ritualists
  A spectral hydra (Lair:3)
  7 mana vipers
  2 lindwurms (Lair:5)
  An orc knight (D:11)
  7 orc sorcerers
  4 cyclopes
  15 salamanders
  An ugly thing (D:11)
  4 oklob plants (Lair:5)
  20 elephants
  11 naga magi
  24 black mambas
  2 guardian serpents
  5 torpor snails (Lair:5)
  9 cane toads
  2 unseen horrors
  Maggie (D:7)
  3 rime drakes
  An efreet (D:11)
  8 komodo dragons
  A kobold demonologist (Bailey)
  A tengu conjurer (D:11)
  8 trolls
  A spectral skyshark (Lair:3)
  15 polar bears
  A merfolk (Snake:3)
  2 raiju (Lair:5)
  3 tyrant leeches (Lair:5)
  7 hornets
  20 blink frogs
  6 dream sheep
  A shadow (D:10)
  The ghost of mrzisme the Digger, an amateur GrEE (D:3)
  3 wyverns
  32 yaks
  2 wraiths (D:11)
  A fire bat (Lair:5)
  A spectral komodo dragon (Lair:3)
  2 basilisks
  29 nagas
  2 steam dragons (D:6)
  8 wargs
  Menkaure (D:7)
  Duvessa (D:6)
  8 water moccasins
  14 hell hounds (Lair:5)
  14 black bears
  45 orc warriors
  2 spectral blink frogs (Lair:3)
  2 ice beasts (D:6)
  8 ogres
  2 centaurs
  13 wolves (Lair:5)
  A phantom (D:4)
  6 kobold brigands
  2 gnoll sergeants
  12 bullfrogs
  9 scorpions
  3 wights (D:9)
  Dowan (D:6)
  19 killer bees
  7 electric eels (Bailey)
  3 howler monkeys
  3 lava snakes (Lair:3)
  A centaur zombie (Ossuary)
  4 hounds
  5 jellies (Lair:5)
  3 human zombies (Ossuary)
  22 orc priests
  2 sleepcaps (D:7)
  A gnoll bouda (D:4)
  2 iguanas
  12 hell rats
  27 orc wizards
  8 scorpion zombies (Ossuary)
  4 mummies
  Robin (D:3)
  3 adders
  10 river rats (Lair:3)
  11 gnolls
  2 white imps
  2 worms
  2 dart slugs (D:1)
  69 orcs
  7 endoplasms
  3 giant cockroaches (D:1)
  26 goblins
  18 hobgoblins
  5 jackals (D:4)
  14 quokkas
  7 ball pythons
  8 bats
  5 frilled lizards
  2 gnoll zombies (Ossuary)
  3 goblin zombies (Ossuary)
  A hobgoblin zombie (Ossuary)
  12 kobolds
  3 kobold zombies (Ossuary)
  18 rats
858 creatures vanquished.

Vanquished Creatures (others)
  A naga sharpshooter (Snake:4)
  An orc priest (Orc:2)
  2 orc wizards
  A goblin (Bailey)
5 creatures vanquished.

Grand Total: 863 creatures vanquished

Notes
Turn   | Place    | Note
-------+----------+-------------------------------------------
     0 | D:1      | Nonny the Troll Earth Elementalist began the quest for the
                  | Orb.
     0 | D:1      | Reached XP level 1. HP: 16/16 MP: 1/1
   285 | D:1      | Reached XP level 2. HP: 24/24 MP: 0/2
   454 | D:1      | Reached skill level 1 in Unarmed Combat
   504 | D:1      | Reached XP level 3. HP: 32/32 MP: 3/3
   507 | D:1      | Found a faded altar of an unknown god.
   561 | D:1      | Prayed at the altar of an unknown god.
   561 | D:1      | Became a worshipper of Sif Muna the Loreminder
   561 | D:1      | Reached * piety under Sif Muna
   888 | D:1      | D:2 uphatch is okay for orbrun.
  1272 | D:2      | Reached skill level 2 in Unarmed Combat
  1428 | D:2      | You fall into a shaft and drop 1 floor!
  1456 | D:3      | Found Saxiprug's Antique Armour Shop.
  1589 | D:3      | 4 fountain corners vault
  1685 | D:3      | Found Otuytim's General Store.
  1688 | D:3      | Found Zeicrif's Antique Weapon Boutique.
  1691 | D:3      | Bought a scroll of blinking for 97 gold pieces
  1806 | D:3      | Reached XP level 4. HP: 39/40 MP: 4/4
  1822 | D:3      | Tilted 5-pointed star vault in southeast.
  1943 | D:3      | Found a runed translucent door.
  1945 | D:3      | Noticed mrzisme's ghost (amateur GrEE)
  1973 | D:3      | Crystal arrow pointing westward.
  2003 | D:3      | Reached ** piety under Sif Muna
  2043 | D:3      | Noticed Robin
  2045 | D:3      | Found Poeraif's Distillery.
  2051 | D:3      | Killed Robin
  2052 | D:3      | Reached skill level 3 in Unarmed Combat
  2180 | D:3      | Found Ullezier's Book Emporium.
  2189 | D:3      | 960 gold for manual of ice magi
  2252 | D:3      | Bought a runed robe for 70 gold pieces
  2297 | D:3      | Found a radiant altar of Vehumet.
  2492 | D:3      | Killed mrzisme's ghost
  2493 | D:3      | Reached skill level 1 in Fighting
  2493 | D:3      | Reached skill level 4 in Unarmed Combat
  2493 | D:3      | Reached XP level 5. HP: 48/48 MP: 5/5
  2493 | D:3      | Reached XP level 6. HP: 55/55 MP: 6/6
  2855 | D:3      | D:4 uphatch possibly viable for orbrun.
  3167 | D:4      | Reached skill level 5 in Unarmed Combat
  3442 | D:5      | Entered Level 5 of the Dungeon
  3478 | D:5      | Found a hide-covered altar of Uskayaw.
  3480 | D:5      | Lots of corpses!
  3500 | D:4      | D:4 uphatch so-so on orbrun.
  3556 | D:5      | Learned a level 2 spell: Passwall
  3757 | D:5      | Reached XP level 7. HP: 60/62 MP: 7/7
  3947 | D:5      | Reached skill level 6 in Unarmed Combat
  4151 | D:6      | Reached *** piety under Sif Muna
  4234 | D:6      | Found a basalt altar of Yredelemnul.
  4250 | D:6      | Noticed a steam dragon
  4262 | D:6      | Killed a steam dragon
  4303 | D:6      | Identified the +0 leather armour "Filoulo" {Regen+ Str+3}
  4326 | D:6      | Reached skill level 7 in Unarmed Combat
  4354 | D:6      | Found a staircase to the Ecumenical Temple.
  4361 | Temple   | Entered the Ecumenical Temple
  4510 | Temple   | Temple: icy prongs
  4517 | D:6      | Noticed a steam dragon
  4532 | D:6      | Killed a steam dragon
  4533 | D:6      | Reached XP level 8. HP: 56/74 MP: 8/8
  4593 | D:6      | Killed an unseen horror
  4594 | D:6      | Reached skill level 8 in Unarmed Combat
  4665 | D:6      | Noticed Duvessa
  4667 | D:6      | Noticed Dowan
  4689 | D:6      | Killed Duvessa
  4690 | D:6      | Reached skill level 9 in Unarmed Combat
  4698 | D:6      | Killed Dowan
  4704 | D:6      | Duvessa has a +3 chain mail of cold resistance.
  4791 | D:7      | Found Zawog's Assorted Antiques.
  4814 | D:7      | Noticed Menkaure
  4876 | D:7      | Found a shimmering blue altar of Sif Muna.
  4882 | D:7      | Found a flagged portal.
  4882 | D:7      | Noticed Maggie
  4885 | D:7      | Found a sand-covered staircase.
  4887 | D:7      | Lunacy. :P
  4891 | Ossuary  | Entered an ossuary
  4965 | Ossuary  | Reached XP level 9. HP: 83/83 MP: 9/9
  4971 | Ossuary  | Reached skill level 10 in Unarmed Combat
  5082 | Ossuary  | Reached **** piety under Sif Muna
  5220 | Bailey   | Entered a bailey
  5329 | Bailey   | Reached skill level 11 in Unarmed Combat
  5402 | Bailey   | Reached skill level 12 in Unarmed Combat
  5431 | Bailey   | Found an iron altar of Okawaru.
  5431 | Bailey   | Noticed a kobold demonologist
  5431 | Bailey   | Noticed an orc high priest
  5441 | Bailey   | Noticed an ice devil
  5443 | Bailey   | Killed a kobold demonologist
  5602 | Bailey   | Reached XP level 10. HP: 92/92 MP: 10/10
  5700 | Bailey   | Acquired a +0 tower shield of positive energy
  5792 | Bailey   | Noticed an orange demon
  5795 | Bailey   | Noticed a rust devil
  5797 | Bailey   | Killed an orc high priest
  5797 | Bailey   | Reached ***** piety under Sif Muna
  5798 | Bailey   | Reached skill level 13 in Unarmed Combat
  5878 | Bailey   | Acquired a manual of Unarmed Combat
  5913 | D:7      | Received a gift from Sif Muna
  5914 | D:7      | Got Sif Muna's Meditations on Breath {god gift}
  6031 | D:7      | Acquirement scrolls on southeastern D:7.
  6036 | D:7      | Acquired the +6 acid dragon scales "Anomub" {rC+ rCorr}
  6050 | D:7      | Acquired 1316 gold pieces
  6054 | D:7      | Found an ancient bone altar of Kikubaaqudgha.
  6284 | D:7      | Bought a potion of curing for 87 gold pieces
  6284 | D:7      | Bought 2 potions of haste for 580 gold pieces
  6284 | D:7      | Bought a scroll of teleportation for 87 gold pieces
  6284 | D:7      | Bought a scroll of teleportation for 87 gold pieces
  6284 | D:7      | Bought an iron wand for 116 gold pieces
  6284 | D:7      | Bought a notched steel ring for 145 gold pieces
  6403 | D:7      | Killed Menkaure
  6430 | D:7      | Killed Maggie
  6531 | D:8      | Found a staircase to the Lair.
  6543 | D:8      | Reached skill level 14 in Unarmed Combat
  6620 | D:8      | Orcs guard Lair entrance.
  6731 | D:8      | Some kind of vault in the east.
  6822 | D:8      | Found a shimmering blue altar of Sif Muna.
  6830 | D:8      | Acquired the ring "Fuonlio" {Will+ Str+6 Int+3 Dex+2
                  | Stlth-}
  7051 | D:8      | Reached skill level 5 in Shields
  7058 | D:8      | Noticed Gastronok
  7631 | D:9      | Found a shadowy altar of Dithmenos.
  7679 | D:9      | Noticed a two-headed ogre
  7680 | D:9      | Noticed a two-headed ogre
  8040 | Lair:1   | Entered Level 1 of the Lair of Beasts
  8067 | Lair:1   | Noticed a cane toad
  8077 | Lair:1   | Killed a cane toad
  8078 | Lair:1   | Reached XP level 11. HP: 92/96 MP: 11/11
  8107 | Lair:2   | Found a runed translucent gate.
  8107 | Lair:2   | Found a runed translucent gate.
  8107 | Lair:2   | Found a runed translucent gate.
  8194 | Lair:2   | Noticed middlethird's ghost (journeyman VSEE)
  8194 | Lair:2   | Noticed middlethird's ghost (journeyman VSNe)
  8196 | Lair:2   | Identified the +1 war axe "Spiderslayer" {freeze, Will++
                  | Int+5 Dex-5}
  8377 | Lair:2   | Noticed a four-headed hydra
  8409 | Lair:1   | Noticed Harold
  8439 | Lair:1   | Reached skill level 15 in Unarmed Combat
  8447 | Lair:1   | Reached skill level 5 in Dodging
  8460 | Lair:1   | Killed Harold
  8577 | Lair:1   | Reached skill level 16 in Unarmed Combat
  8750 | Lair:1   | Found a transporter.
  8752 | Lair:1   | Found a transporter.
  9115 | Lair:1   | Noticed a boulder beetle
  9115 | Lair:1   | Noticed a boulder beetle
  9386 | Lair:2   | Received a gift from Sif Muna
  9387 | Lair:2   | Got Sif Muna's Vellum of Shifting Resurrection {god gift}
  9396 | Lair:2   | Reached skill level 17 in Unarmed Combat
  9704 | Lair:2   | Reached XP level 12. HP: 107/107 MP: 12/12
 10011 | Lair:3   | Found a radiant altar of Vehumet.
 10154 | Lair:3   | Noticed a death yak
 10172 | Lair:3   | Killed a death yak
 10234 | Lair:3   | Rat vault with death yak in southwest.
 10292 | Lair:3   | Reached skill level 18 in Unarmed Combat
 10461 | Lair:3   | Found a staircase to the Snake Pit.
 10494 | Lair:3   | Snake Pit entrance in north. Lava pit.
 10520 | Lair:3   | Noticed a catoblepas
 10808 | D:8      | Killed Gastronok
 11028 | Lair:1   | Killed a boulder beetle
 11039 | Lair:1   | Killed a boulder beetle
 11165 | Lair:2   | Killed a 13-headed hydra
 11267 | Lair:3   | Noticed a boulder beetle
 11278 | Lair:3   | Killed a boulder beetle
 11426 | Lair:3   | Noticed a four-headed hydra
 11495 | Snake:1  | Entered Level 1 of the Snake Pit
 11533 | Snake:1  | Reached XP level 13. HP: 116/117 MP: 13/13
 11579 | Snake:1  | Reached skill level 10 in Dodging
 11579 | Snake:1  | Reached skill level 10 in Shields
 11588 | Snake:1  | Eveningstar!
 11680 | Snake:1  | Found Toczidist's Distillery.
 11710 | Snake:1  | Bought a potion of resistance for 160 gold pieces
 11710 | Snake:1  | Bought a potion of might for 64 gold pieces
 11710 | Snake:1  | Bought a potion of curing for 48 gold pieces
 11710 | Snake:1  | Bought a potion of curing for 48 gold pieces
 12222 | Snake:2  | Noticed Aizul
 12431 | Lair:4   | Reached skill level 5 in Fighting
 12449 | Lair:4   | Received a gift from Sif Muna
 12828 | Lair:4   | Identified the +0 ring mail "Utseqehu" {rN+ Str+2 Int+4}
 13218 | Lair:5   | Entered Level 5 of the Lair of Beasts
 13333 | Lair:5   | Found a staircase to the Slime Pits.
 13610 | Lair:5   | Found a viscous altar of Jiyva.
 13620 | Lair:5   | Funny human skeleton. :)
 13676 | Lair:5   | Reached skill level 1 in Evocations
 13890 | Lair:5   | Oklob island in north.
 13899 | Lair:5   | Reached XP level 14. HP: 97/127 MP: 14/14
 13958 | Lair:5   | Received a gift from Sif Muna
 13959 | Lair:5   | Got Gazomys's Thoughts on Gusty Wanderlust {god gift}
 14134 | Lair:5   | Found a runed translucent door.
 14154 | Lair:5   | Reached skill level 1 in Armour
 15011 | Lair:5   | Reached skill level 19 in Unarmed Combat
 15551 | Snake:2  | Noticed Vashnia
 15772 | Snake:2  | Received a gift from Sif Muna
 15775 | Snake:2  | Got Sif Muna's Parchment of Called Thunder {god gift}
 16135 | D:9      | Found Uneph's Assorted Antiques.
 16165 | D:9      | Bought a smoking robe for 176 gold pieces
 16165 | D:9      | Identified the +1 robe of Resourcefulness {Contam +Inv
                  | Regen+ Str+3 Int+3} (You bought it in a shop on level 9 of
                  | the Dungeon)
 16168 | D:9      | Bought a potion of might for 124 gold pieces
 16168 | D:9      | Bought a square copper amulet for 155 gold pieces
 16329 | D:9      | Mysterious little tree vault.
 16347 | D:9      | Bought a scroll of teleportation for 93 gold pieces
 16347 | D:9      | Bought a scroll of enchant armour for 232 gold pieces
 16381 | D:10     | Entered Level 10 of the Dungeon
 16445 | D:10     | Found a stormy altar of Qazlal.
 16593 | D:10     | Found a runed translucent gate.
 16594 | D:10     | Found a runed translucent gate.
 16594 | D:10     | Found a runed translucent gate.
 16615 | D:10     | Noticed ChrisAssaf's ghost (novice GnMo)
 16615 | D:10     | Noticed Nexanis's ghost (journeyman MiFi)
 16627 | D:10     | Killed ChrisAssaf's ghost
 16634 | D:10     | Killed Nexanis's ghost
 16642 | D:10     | Identified the ring "Ifaplic" {Fire Drain Int+6}
 16691 | D:10     | One-shotted a fellow trolled.
 16796 | D:10     | Found a staircase to the Orcish Mines.
 16861 | D:10     | Orcish Mines entrance in west.
 16871 | D:10     | Identified the +0 cloak of Intercession {Slay+3}
 16914 | D:10     | Found a white marble altar of Elyvilon.
 16950 | D:10     | Found a snail-covered altar of Cheibriados.
 17126 | D:10     | Found a glowing silver altar of Zin.
 17126 | D:10     | Noticed an angel
 17189 | Orc:1    | Entered Level 1 of the Orcish Mines
 17212 | Orc:1    | Reached XP level 15. HP: 128/136 MP: 15/15
 17449 | Orc:2    | Entered Level 2 of the Orcish Mines
 17480 | Orc:2    | Found Boopujyb's Armour Shop.
 17558 | Orc:1    | Found Byfix's Assorted Antiques.
 17560 | Orc:1    | Bought a potion of haste for 260 gold pieces
 17560 | Orc:1    | Bought a scroll of magic mapping for 195 gold pieces
 17560 | Orc:1    | Bought a potion of brilliance for 104 gold pieces
 17698 | Orc:2    | Found Buawic's Magic Scroll Shoppe.
 17903 | Orc:2    | Found Esty's Magic Scroll Shop.
 18026 | Orc:2    | Reached ****** piety under Sif Muna
 18026 | Orc:2    | Received a gift from Sif Muna
 18028 | Orc:2    | Got Sif Muna's Volume of the Impact {god gift}
 18069 | Orc:2    | Found a staircase to the Elven Halls.
 18092 | Orc:2    | Found Ruuw's Antique Armour Emporium.
 18113 | Orc:2    | Found Cathuaph's Book Boutique.
 18380 | Orc:2    | Found Pyitail's Jewellery Shop.
 18380 | Orc:2    | Found Hiat's Antique Armour Shop.
 18403 | Orc:2    | Found Ostranaet's Antique Weapon Boutique.
 18465 | Orc:2    | Bought a scroll of blinking for 75 gold pieces
 18465 | Orc:2    | Bought a scroll of teleportation for 30 gold pieces
 18465 | Orc:2    | Bought a scroll of teleportation for 30 gold pieces
 18465 | Orc:2    | Bought a scroll of identify for 20 gold pieces
 18465 | Orc:2    | Bought a scroll of poison for 40 gold pieces
 18478 | Orc:2    | Bought a scroll of fog for 52 gold pieces
 18478 | Orc:2    | Bought a scroll of teleportation for 39 gold pieces
 18478 | Orc:2    | Bought a scroll of teleportation for 39 gold pieces
 18500 | Orc:2    | Found Udairil's Magic Scroll Boutique.
 18552 | Orc:2    | Bought a scroll of butterflies for 60 gold pieces
 18555 | Orc:2    | Bought a translucent cloak for 313 gold pieces
 18555 | Orc:2    | Identified the +3 cloak "Kidafywo" {Harm rF+} (You bought
                  | it in a shop on level 2 of the Orcish Mines)
 18858 | D:11     | Reached skill level 20 in Unarmed Combat
 18945 | D:11     | Identified the +4 great mace "Vurar" {heavy, rPois rF+
                  | Dex-4 Stlth+}
 18946 | D:11     | Slimy great mace...
 18958 | D:11     | Identified the ring of Idots {Ice *Corrode Will+ MP+9 SInv}
 20073 | Lair:3   | Found a staircase to the Swamp.
 20078 | Lair:3   | Received a gift from Sif Muna
 20082 | Lair:3   | Got Sif Muna's Anthology of Darkness and Conflict {god
                  | gift}
 20361 | Snake:2  | Killed Vashnia
 20362 | Snake:2  | Reached skill level 15 in Shields
 20488 | Snake:2  | Killed Aizul
 20973 | Snake:3  | Identified the +0 robe of Zomer {rCorr MP+9 Str-2 Stlth+}
 21002 | Snake:3  | Reached XP level 16. HP: 89/145 MP: 19/19
 21052 | Snake:3  | Found Daihao's Assorted Antiques.
 21060 | Snake:3  | Bought a large copper ring for 185 gold pieces
 21063 | Snake:3  | 1239 gold for mountain boot
 21100 | Snake:3  | Noticed Agnes
 21111 | Snake:3  | Killed Agnes
 21341 | Snake:3  | Received a gift from Sif Muna
 21342 | Snake:3  | Got Sif Muna's Secrets of the Turtledove {god gift}
 21663 | Snake:4  | Entered Level 4 of the Snake Pit
 22560 | Snake:4  | Killed from afar by a salamander tyrant

Illustrated notes #...............#.# ###........#....#.# #........####.#.# ################ #.#.####### #.......[..# #.#.......# ##..........# #####.#.......# ............# #.............# ............# #.............# ............####@............#### ...........÷(..............÷.'.)† ............###......#.......#### .........)..###......#>......'... .............##......##......#### .............##.....###......# ..##.........##.....# #......# ..##.........##.....# ######## ..##.........##.....# Turn 888 on D:1: D:2 uphatch is okay for orbrun. .. #.... .. #.... . #..#+############+#### ###+#....................# #........###....###.$....# #.......#...#..#...#.....## #####†......#.⌠.#..#.⌠.#....... ....'.......#...#≈~#...#.....# #####.......~###@≈~≈###~.....# ..##.........~≈≈≈≈≈≈≈≈≈......# ..##.........~≈≈≈≈≈≈≈≈≈......# ..##........~###~≈≈≈###~.....# ..##......#.#...#~~#...#.#.### ..##..<.).#.#.⌠.#..#.⌠.#...# ..''......'.#...#..#...#..## #.# ..##......#..###....###....## #.+ ###########..............#..# #.# Turn 1589 on D:3: 4 fountain corners vault

###+#####.. .....#
.......##.#########+### #..#.###
#......##.##......#.#.####..#....
.#.....##.#..#...##.#[..##..#8.8.
.#........#####)##..#...##.#..∩..
.#.....##.+...#'#...#....#...8.8#
#~.....##.##........#'...#.....##
≈......##.###........###.#...####
≈......##.#.#...@.....####..†'...
#~.....##.#.'#...#.......'...####
.#.#.####.#.#.†.......####..∩(..#
.#...# #.###........###.#.####.#
.#..## #.##........#'(..#.# #.#
#....## #.'...#'#...#....#.# #.#
...#..# #.#####.##..#...##.# #.#
#####.# #.#..#)..##.#...##.# #.#
#.# #.##(.....#.#.####.####.#


Turn 1822 on D:3: Tilted 5-pointed star vault in southeast. #.......#.# #.# #.#
#.# #.......#.# #.# #.# #.# #.......#.###'##### #.# #.# ##.......#.#.......###.#
#.# #<......)#.'..†........# #.# ##.......###....#.....## #.#
#####....##...#......### #.# #....##..#######...# #.# +....'..@.#......#.###.#
#....###...#.........#.# #...#............###.#.# ................'....>.#.#
......#..#.#....#####..#.# ..##.#.#..#......# ...#.## .. ..............#
#...#... .# ..#....#+#....##.#.#### ##.....##W##...#..#.# Turn 1973 on D:3:
Crystal arrow pointing westward. #.# #.............#.. #.# ###.#####......#. #.#
#.........#'#...∩ #.# #.#.#####..>...#. #.# #.#.# #.....#.. #.# #.#.# #........
#.# #.#.# #........ #.# ♣♣♣#.. +........ #.# ♣@♣### #.....### #.# ♣.♣ +...... #
#.# ♣.♣#######......## #.# #........+ #.#.###.#...[### #.#.....'....+
#.#####.#....# #.#####.#....... #................ Turn 2189 on D:3: 960 gold for
manual of ice magi .⌠.#...# #.###........###.#.#### ...#..##
#.##........#'(..#.# # ###....## #.'...#'#...#....#.# # .....#..#
#.#####.##..#...##.# # #######.# #.#..#)..##.#...##.# # #.#
#.##(.....#.#.####.#### #.###.#########'######..... #......................####
####...###@...###.#........ ##### ####.# #.#..###### #.# #.#..# # #.# #.#..# #
#.# #.#..# ###################.# #.######### ....................# #.......†..
##################### ########### Turn 2855 on D:3: D:4 uphatch possibly viable
for orbrun. ........####......... #....<...'............ #........####.........
........# #......... ###.####.# #......... .......#.# #......... ..$....#.#
##.####### ...†?..#.# #.# .†._...@.# #.# .†.....#.# #.# .......#.# #.#
...††..#.# #.######### ###.####.# #.......... #. ..# ########### # ### Turn 3480
on D:5: Lots of corpses! ......................# ..............#####...##
.....##.....#.....'...>## .......#.!..#..####.....# ........#..#...# ##.##..#
#.......###....# #......# #......###....## #..##..# #.....#..#....####..##..#
#[)..#()..#.....@#..##..# #....#.....##...(#..##..## #................#.......#
#......)...g#....#.......### #####.......#....'.......'.#
#..........#....##......#.# ##...##'#'#'#..............#
.'...'........)...#........###### .#...##.............##..#........ Turn 3500 on
D:4: D:4 uphatch so-so on orbrun. #_.# ##.## #._# #####..## #.# ##..#####
#_.####.###.###.####._# #.#..###.##.##.###..#.# #####..##.#.#.##..#####
###...#.#...### ### ###.....### ### ##.####.......####.## #_........@........_#
##.####.......####.## ### ###.....### ### ###.........###
#####..##.#.#.##..##### #.#..###.##.##.###..#.# #_.####.###.###.####._#
#####..## #.# ##..##### #_.# ##.## #._# Turn 4510 on Temple: Temple: icy prongs
.. #.#..##.###...### .. ##........###....## .. #. ...............# ..
........#.........# .. .. #..##.##........## .. ... #......#....##### ..
...####......).### ............#.)<..### ..#.#......##...@...##
....###.....#........# #...........#......### ..###.##..:....÷.....##
......................# ....##....###....#..### ...##....####...#####
....##...##.....# .....#..........# Turn 4704 on D:6: Duvessa has a +3 chain
mail of cold resistance. #,*,*#..#..#,,,**#*####.###....*
*,*,,.#.##.#.*###*##......#...#* ,,***.*.##.#.*#...#..........#* * ,**
*>,.........#...........## * ** *##,M..)#..#.##..........# *
*,,,,..Mc....###.........# * *,**,≈≈≈≈≈.#.#.##........# *
*,**,≈..g≈...#..##.......##### **,**,≈.gg≈..l@.M∩##...........
*,,**,≈..g≈.@.#..##............ ***,***,≈≈~≈≈...#.##........####.
,,,,**,,......#.###............., ,,,,,,,,......#.##...............
*,,*****###..##.#.............#.# ,,,,,,,***##................#.#,#
******,,.....##............#...., ***##..,.............##.##., Turn 4887 on D:7:
Lunacy. :P ......##.##.,,,,**,**,* #......,,........#,*,,#
...#.#...........#,*,.# .##.#.##..#......#,*$.# ###._.###.......?#+#..#
.#..#..###............# ........###...........# ?...................#**
#.#(.######.....@...# .###.######.........# ....................#
###########........## ###.....## ####### Turn 6031 on D:7: Acquirement scrolls
on southeastern D:7. .#.###...........### #.# #..............
#.###............## #...........###...## #.##........##.....##
#.##.##'#[###.......# ##.##.##.#.###.......## ......##.#.##.........#
#..#.###.#......@.....# #..#.<)).#.#.....>.....# #..####).#.##..........)
#..........##..........$ #.###........#.......#.. .. #.#####..#.......# . ## #.
##.##.....## #. #.###...## . #.. ...# Turn 6620 on D:8: Orcs guard Lair
entrance. #..........# ... .#........# # .... #.........## # ....###
#.#........## ## #..$.....###............ .# #.##......#..........# .##
#.#..................# ..## #...#..........#.....# ..)# ##..##....@.....##....#
...# #.....................# #..####.......~~~~~~........#
#..#......)))~~####~~.......# ####...#..)).~## ##~......#### #...##....~#
#~.....#...# #...#.....~# #~....##...# #.........~## ##~.....#...# #
#.........~~####~~.........# Turn 6731 on D:8: Some kind of vault in the east.
#.#.#..##..### #.. ##.##†#†##.#..###.. #.###.#.#.###††##.. ###.# ##....# ###†###
#...###.#...## #.#.## ####.####.##..#.###.#... ###.#....##.#.##.#..#.###.
####..........##.######.#.##† ####......#....@†.†## ####...
##.......###........†# ##... .......### ##........# ##.... ....#### #.......##
####.##.. ##### ######### #...##### ##### Turn 10234 on Lair:3: Rat vault with
death yak in southwest. ##### ##≈≈≈## ### ### ##≈≈≈§§## ####.###.# #≈≈..§§§#
..#..#.#.####≈..@§.§# ...# ............#≈≈.)§§§#......
............##§...§≈#...... .#....###...###..≈###....##. ###..##
#...###...##.....#.. ###...# ##...###.##........ .. ##P...# #..P##..........#
..# ###..## #..##...........##..# # #...# ##..##...............#P Turn 10494 on
Lair:3: Snake Pit entrance in north. Lava pit. #.. #.# ###.### .. #.. #.#
#...... ... #.. #.# #...... ...##..##.##### #...### ##............## #...##.
...............###...†.. #.............†.....##. #................####.
##...@.>......#### ## ############## # Turn 11588 on Snake:1: Eveningstar!
............# ..... †##...#.....## #....# #†#...##.....####.....#
.#†....#......##.....P# .##....##....#........# ..†....##.............#
.##...........P......# P#.........>.P.÷P._..## P......#......PP@.....#
P......#..............## ......................... .........................
.P....................... P#.#..##...##.###..P.#### #########.##### ###### ###
Turn 13620 on Lair:5: Funny human skeleton. :) ..... P........... ###.....!.....
#.......~~.... ### ##.....~~~~... ######.####.....~~P~~~..
.P.##....#......~~.P.~.. ................~PP~~~.. ................@P.~P~..
................~~~~~~.. P................~~~~... ##................~~....
.##................[.... .............<.......... ###.....................
P#..............#....#.. ##..............#.### Turn 13890 on Lair:5: Oklob
island in north. ####### #.....## #'###..# ♣♣@.♣##.#
##############♣.♣..##.########### #............#.♣.♣.#.............
#............#♣.♣.♣#............. #............#######.............
#...............#................ #...............#................
#...............#................ #.........†.....#................ Turn 16329
on D:9: Mysterious little tree vault. ..# #.# #.# #.# #.####.#######
#............# ######.#####.# ####.# #.# #.@..# #.# #....# #.# #....# ##.## ##
........##...######. ...................#. #.......>.##...####.#.
####....#####.#####... #....# #.#...<... #.#.###.#. Turn 16691 on D:10:
One-shotted a fellow trolled. #.# #)# #)# ##)# ####))######## #............#
#.##.......#. #.##.......# #.##..@....# #.##.......# #.##...>..^# #.##.......#
#.##....?$)# #.##.......# #.##.......# #.....[..... Turn 16861 on D:10: Orcish
Mines entrance in west. .. #.# #### ## #.# #... #.##.##.# #... #.....# # #.##
#.###...# ###..# ... #....##.##...... .## #.###.#...### .. #|#.....#@# ####
##.##)##.## ...) ##)#)#)## ### #####)##### ### #..†))....# ..#.. #.####..#.#
#.#.. #.........# # #.#.. #####..######... #.#.. ...............#### #.#.. Turn
18946 on D:11: Slimy great mace... #.N.N.N.... #..N...N## #<.... ### #....###
......N#..# #....#.....# #####....#.. .... #........###....## ##=@..# .####
#....## ## ###...#####. #...........# #............ ###....#.....##
#............# ##.......#...## ##........#...# Turn 21063 on Snake:3: 1239 gold
for mountain boot

Levels and vault maps discovered:
D:1:      sevenhm_arrival_forest_fort_small_4, layout_basic,
          chequers_ecumenical_altar_island
D:2:      layout_basic
D:3:      layout_basic, lemuel_round_altar, serial_shops, shop,
          nicolae_shop_peninsula, nicolae_shop_advertising_works
          [nicolae_subvault_shop_adworks], nicolae_shop_tiny_statue_garden,
          shop, hellmonk_ghost_happy_afterlife, fountainhead, minmay_pentangle,
          uniq_robin
D:4:      layout_basic, minmay_misc_feat_chi
D:5:      minmay_general_purpose_star, layout_basic,
          nicolae_uskayaw_murder_on_the_dancefloor
D:6:      layout_cave_pools, mainiacjoe_overflow_alcove_4,
          minmay_temple_entry_gardened_gates, uniq_duvessa
D:7:      layout_rooms, mainiacjoe_overflow_surrounded_room,
          gup_ossuary_entry_pyramid, serial_shops, shop, enter_bailey_5,
          minmay_ruined_shrine, uniq_maggie, uniq_menkaure
D:8:      layout_basic, mainiacjoe_overflow_catwalk, erik_lair_orcish_takeover,
          minmay_misc_feat_alley, chequers_serial_rivers_micro_e,
          kennysheep_decorative_pillar, uniq_gastronok
D:9:      layout_grid_maze, nicolae_dithmenos_shadow_blocks, serial_shops, shop,
          chequers_arboretum
D:10:     layout_loops_ring, grunt_qazlal_sundering, zin_angel,
          elyvilon_altar_5, nicolae_overflow_hidden_temple, orc_david_3,
          gammafunk_ghost_cemetery
D:11:     minmay_the_grid_net [minmay_the_grid_zigzag_pyramid,
          minmay_the_grid_spikes, minmay_the_grid_empty, minmay_the_grid_expand,
          minmay_the_grid_broken_lines, minmay_the_grid_prize_trominoes],
          layout_basic
Temple:   hellmonk_temple_flake
Lair:1:   gammafunk_boulding_lane, layout_regular_city, uniq_harold
Lair:2:   layout_regular_city, gammafunk_ghost_cemetery,
          nicolae_lair_grove_arrangements
Lair:3:   lemuel_ratsnest, layout_long_grid, nicolae_swamp_entry_spooky,
          nicolae_snake_entry_warm_welcome, basic_altar,
          infiniplex_staircase_pool_2
Lair:4:   layout_regular_city
Lair:5:   wormcave, layout_long_grid, hangedman_lair_caniforms_friends,
          nicolae_slime_entry_field_trip, dpeg_oklob_1
Snake:1:  layout_gridlike, lemuel_fruit_tree, minmay_shop_star
Snake:2:  layout_onion, serial_bayou_shore_b, uniq_aizul, uniq_vashnia
Snake:3:  layout_misc_corridors, serial_shops, shop, corexii_hall_statues_x,
          uniq_agnes
Snake:4:  snake_pit, layout_chambers
Orc:1:    layout_caves, serial_shops, shop
Orc:2:    st_orc_mages, layout_caves, serial_shops,
          nicolae_shop_tiny_real_fake_doors, nicolae_diamond_shop, shop, shop,
          shop

Skill      XL: |  1  2  3  4  5  6  7  8  9 10 11 12 13 14 15 16 |
---------------+-------------------------------------------------+-----
Unarmed Combat | 1 2 4 5 7 9 12 14 17 18 19 20 | 20.0
Stealth        | 2 3 |  3.0
Fighting       | 1 2 3 4 5 6 |  6.4
Shields        | 5 7 9 12 13 16 17 | 17.7
Dodging        | 4 6 9 11 | 11.5
Evocations     | 2 3 |  3.0
Armour         | 3 |  3.4
Spellcasting   | 3 4 |  4.1
Transmutations | |  0.6
Earth Magic    | |  2.6

Action                     |  1- 3 |  4- 6 |  7- 9 | 10-12 | 13-15 | 16-18 || total
---------------------------+-------+-------+-------+-------+-------+-------++-------
  Melee: Unarmed           |   144 |   174 |   277 |   665 |  1450 |   294 ||  3004
         Punch             |     4 |     3 |    16 |       |       |       ||    23
         Staff             |       |       |       |     4 |    16 |       ||    20
  Throw: Dart              |       |       |       |       |     3 |       ||     3
         Large rock        |       |       |       |       |     5 |       ||     5
   Cast: Sandblast         |     1 |     3 |       |       |     1 |       ||     5
  Evoke: Wand              |       |       |     8 |     1 |    10 |     2 ||    21
         Condenser vane    |       |       |       |       |       |     1 ||     1
    Use: Scroll            |     8 |     5 |     9 |    16 |     9 |     2 ||    49
         Potion            |       |     1 |     4 |     4 |     5 |     1 ||    15
   Stab: Sleeping          |       |     1 |     2 |       |     2 |       ||     5
         Distracted        |       |       |     1 |       |       |       ||     1
         Petrified         |       |       |       |    16 |       |       ||    16
 Armour: Robe              |    52 |    62 |    13 |       |       |       ||   127
         Steam dragon scal |       |       |    88 |    24 |       |       ||   112
         Acid dragon scale |       |       |       |   278 |   337 |    25 ||   640
         Skin              |       |       |       |     1 |       |       ||     1
  Dodge: Dodged            |    57 |    75 |   108 |   198 |   418 |    59 ||   915
  Block: Tower shield      |       |       |       |   562 |  1527 |   386 ||  2475
         Reflection        |       |       |       |       |    97 |    70 ||   167
